Map: Ruins of Seras

Players

Classic - Winner!

  • Race: Terran Terran

Kantuva

  • Race: Zerg Zerg

VOD

Have the link to the VOD?

Description

Time

  • Played on: April 1, 2015, 12:24 a.m.
  • Length: 7:05
Show
View Real Time Build Order
Export as new Build Order

Classic Terran - Winner!

Build Orders:  

Get SALT Encoding   

  12  0:01  SCV  
  13  0:13  SCV  
  14  0:18  Supply Depot  
  14  0:25  SCV  
  15  0:39  SCV  
  15  0:40  Barracks  
  16  0:51  SCV  
  17  1:03  SCV  
  18  1:09  Barracks  
  18  1:15  SCV  
  19  1:30  Orbital Command  
  19  1:34  Marine  
  20  1:43  Command Center  
  20  1:52  Marine  
  21  1:55  SCV  
  21  1:56  Marine  
  23  2:01  Supply Depot  
  23  2:09  Supply Depot  
  23  2:18  Bunker  
  23  2:23  SCV, Marine x2  
  26  2:31  Refinery  
  26  2:32  Refinery  
  26  2:35  SCV  
  26  2:36  Supply Depot  
  27  2:40  Marine  
  27  2:41  Marine  
  29  2:47  SCV  
  30  2:58  Orbital Command  
  30  3:00  SCV  
  31  3:07  Marine x2  
  33  3:16  SCV  
  34  3:24  SCV  
  35  3:28  SCV  
  36  3:34  Barracks Tech Lab  
  36  3:36  SCV  
  36  3:39  Factory  
  36  3:40  SCV  
  37  3:48  SCV  
  37  3:52  SCV  
  37  3:54  Barracks Reactor, Refinery  
  39  3:57  Marauder  
  39  4:00  SCV  
  42  4:05  SCV  
  42  4:08  Refinery  
  42  4:09  Engineering Bay x2  
  43  4:18  Command Center, Stimpack  
  43  4:19  SCV x2  
  45  4:29  Factory Tech Lab  
  45  4:31  SCV, Starport  
  46  4:33  SCV  
  46  4:35  Marine  
  46  4:37  Marine  
  49  4:41  Marauder  
  49  4:43  SCV  
  52  4:45  SCV  
  52  4:50  Terran Infantry Weapons Level 1  
  52  4:51  Terran Infantry Armor Level 1  
  53  4:55  SCV  
  53  4:57  SCV  
  55  5:07  SCV  
  55  5:10  SCV  
  57  5:16  Barracks  
  57  5:18  Barracks  
  57  5:19  Barracks  
  57  5:20  Barracks  
  57  5:22  Cyclone, Marine x2  
  62  5:29  SCV  
  62  5:30  Marauder  
  65  5:40  Supply Depot  
  65  5:41  Supply Depot  
  65  5:42  Supply Depot  
  65  5:44  Marine x2  
  65  5:46  Orbital Command  
  67  5:50  SCV x2  
  67  5:54  Marauder  
  71  5:58  Cyclone  
  71  6:02  Marine x2  
  76  6:06  Barracks Reactor  
  76  6:07  Barracks Reactor  
  76  6:10  Medivac  
  78  6:16  Marine x2  
  78  6:17  Marine  
  81  6:18  SCV  
  81  6:20  Orbital Command  
  81  6:21  SCV  
  81  6:22  Marine  
  81  6:23  Marine  
  85  6:30  SCV  
  86  6:36  Marine  
  86  6:37  Marauder, Marine  
  90  6:40  Marine  
Show
View Real Time Build Order
Export as new Build Order

Kantuva Zerg 

Build Orders: Hatch First 

Get SALT Encoding   

  12  0:01  Drone  
  13  0:13  Overlord  
  13  0:18  Drone  
  14  0:30  Extractor  
  14  0:31  Drone  
  15  0:48  Hatchery  
  14  0:51  Drone  
  14  0:54  Drone  
  16  0:57  Extractor  
  15  1:17  Spawning Pool  
  14  1:26  Drone x3  
  17  1:43  Drone  
  18  1:51  Drone  
  20  2:01  Drone  
  20  2:04  Metabolic Boost  
  20  2:06  Queen  
  22  2:09  Queen  
  22  2:13  Zergling x2  
  25  2:19  Overlord  
  25  2:22  Drone  
  26  2:29  Drone x2  
  28  2:39  Drone x2  
  30  2:46  Baneling Nest  
  30  2:49  Drone x2  
  31  2:57  Drone x2  
  33  3:06  Drone x2  
  34  3:15  Drone  
  35  3:22  Overlord  
  35  3:27  Overlord  
  35  3:31  Hatchery  
  34  3:40  Queen x2  
  38  3:44  Drone x4  
  42  4:01  Roach Warren, Drone x5, Extractor  
  45  4:11  Overlord  
  45  4:17  Drone x5  
  50  4:28  Overlord x2, Extractor  
  50  4:29  Extractor  
  48  4:34  Zergling x2  
  48  4:35  Zergling x12  
  55  5:04  Roach x2  
  55  5:05  Roach x9  
  77  5:07  Overlord  
  77  5:24  Overlord x2  
  77  5:26  Lair  
  77  5:30  Drone x2  
  77  5:32  Evolution Chamber x2  
  77  5:36  Overlord  
  77  6:01  Ravager x6  
  77  6:02  Ravager x5  
  88  6:04  Zergling x10  
  88  6:05  Zergling x12  
  99  6:23  Overlord  
  99  6:27  Overlord  
  99  6:28  Overlord x3  
Tags
 
Add a new tag
Caveats
  • Supply blocks, unpowered buildings, or Contaminate may cause inaccurate times.
  • Supply counts are checked every 10 seconds.